 Dungeon Crawl Stone Soup version 0.31-a0-236-g9a0961fb85 (webtiles) character file.

Game seed: 9889134002725635386

590 qw the Shooter (level 7, -2/59 HPs)
             Began as a Minotaur Hexslinger on July 10, 2023.
             Slain by an ogre
             ... wielding a +0 giant spiked club
              (16 damage)
             ... on level 5 of the Dungeon.
             The game lasted 00:01:26 (4226 turns).

qw the Shooter (Minotaur Hexslinger)                Turns: 4226, Time: 00:01:26

Health: -2/59      AC:  5    Str: 13    XL:     7   Next: 15%
Magic:  7/7        EV: 11    Int: 10    God:
Gold:   262        SH:  0    Dex: 14    Spells: 7/8 levels left

rFire   . . .        Y - +0 orcbow
rCold   . . .        (shield currently unavailable)
rNeg    . . .        e - +0 ring mail
rPois   .            (helmet restricted)
rElec   .            (no cloak)
rCorr   .            (no gloves)
SInv    .            (no boots)
Will    .....        (no amulet)
Stlth   +            (no ring)
HPRegen 0.29/turn    (no ring)
MPRegen 0.10/turn

%: no passive effects
@: about to teleport
A: horns 2, retaliatory headbutt
a: no special abilities


You were on level 5 of the Dungeon.
You visited 1 branch of the dungeon, and saw 5 of its levels.

You collected 262 gold pieces.


Innate Abilities, Weirdness & Mutations

You have a pair of horns on your head.
You reflexively headbutt those who attack you in melee.


   Skills:
 - Level 4.2 Fighting
 + Level 7.4 Ranged Weapons
 - Level 2.2 Armour
 - Level 2.1 Dodging
 - Level 1.0 Spellcasting
 - Level 2.0 Hexes


You had 7 spell levels left.
You knew the following spells:

 Your Spells              Type           Power      Damage    Failure   Level
a - Slow                  Hex            16%        N/A       32%         1

Your spell library contained the following spells:

 Spells                   Type           Power      Damage    Failure   Level
 Inner Flame              Hex/Fire       2%         N/A       82%         3
 Portal Projectile        Hex/Tloc       4%         N/A       82%         3
 Cause Fear               Hex            2%         N/A       97%         4

Inventory:

Hand Weapons
 Y - a +0 orcbow (weapon)
Armour
 e - a +0 ring mail (worn)
Jewellery
 b - a ring of ice
Scrolls
 c - a scroll of enchant armour
 j - a scroll of identify
Potions
 g - a potion of haste {unknown}
 h - a potion of enlightenment {unknown}

Dungeon Overview and Level Annotations

Branches:
Dungeon (5/15)
 Temple: D:4-7

Altars:
Ashenzari
Gozag
Kikubaaqudgha
Qazlal
Uskayaw
The Shining One


Message History

You shoot an arrow. The arrow closely misses the phantom.
The phantom hits you.
The phantom blinks!
You blink.
An ogre comes into view. It is wielding a +0 giant spiked club.
The phantom closely misses you. You furiously retaliate!
You headbutt the phantom. You shoot an arrow.
The arrow hits the phantom but does no damage.
The phantom is moderately damaged.
The phantom closely misses you. You furiously retaliate!
You headbutt the phantom! You shoot an arrow. The arrow hits the phantom!
The phantom is almost destroyed.
The phantom hits you.
You shoot an arrow. The arrow closely misses the phantom.
The ogre completely misses you. The phantom hits you.
The phantom blinks!
You blink.
You shoot an arrow. The arrow misses the phantom.
The phantom completely misses you.
The ogre hits you with a +0 giant spiked club!!
The phantom barely misses you.
You hear a bark!
You shoot an arrow. The arrow barely misses the phantom.
An adder comes into view.
The ogre hits you with a +0 giant spiked club!
The phantom hits you but does no damage.
You shoot an arrow. The arrow closely misses the phantom.
The adder hisses angrily.
The phantom hits you.
The phantom blinks!
You blink.
You shoot an arrow. The arrow hits the phantom!
You destroy the phantom!
You shoot an arrow. The arrow hits the ogre!
The ogre is heavily wounded.
You shoot an arrow. The arrow barely misses the ogre.
The arrow hits the adder.
The adder is moderately wounded.
The ogre hits you with a +0 giant spiked club.
4226 ||| READING scroll of teleportation.
As you read the scroll of teleportation, it crumbles to dust.
You feel strangely unstable.
The ogre hits you with a +0 giant spiked club!
You die...

### #.. #.#
#.# #.# #.####
#@...# #O...#
#....#
#....#####
#S.......#
#........#
.#..>.....#
............#
#............#


You could see an ogre and an adder.

Vanquished Creatures
  2 phantoms
  2 orc priests (D:4)
  A jelly (D:4)
  2 hounds (D:4)
  An orc wizard (D:4)
  Natasha (thrice) (D:2)
  An iguana (D:4)
  Robin (D:2)
  6 adders
  2 worms (D:2)
  6 dart slugs
  5 orcs
  11 ball pythons
  2 endoplasms
  A giant cockroach (D:4)
  19 goblins
  7 hobgoblins
  6 quokkas
  4 bats
  3 frilled lizards
  6 kobolds
  2 rats
93 creatures vanquished.

Notes
Turn   | Place    | Note
-------+----------+-------------------------------------------
     0 | D:1      | qw the Minotaur Hexslinger began the quest for the Orb.
     0 | D:1      | Reached XP level 1. HP: 16/16 MP: 1/1
     0 | D:1      | 0 ||| qw: Version: 0.3-a-52-g30416fa
     0 | D:1      | 0 ||| qw: Game counter: 4753
     0 | D:1      | 0 ||| qw: Melee chars always use a shield: true
     0 | D:1      | 0 ||| qw: God list: Okawaru
     0 | D:1      | 0 ||| qw: Allow faded altars: false
     0 | D:1      | 0 ||| qw: Do Orc after clearing Dungeon:15 true
     0 | D:1      | 0 ||| qw: Do second Lair branch before Depths: true
     0 | D:1      | 0 ||| qw: Lair rune preference: random
     0 | D:1      | 0 ||| qw: Goals: Normal
     0 | D:1      | 0 ||| PLANNING D:1-11
   141 | D:1      | Reached skill level 3 in Ranged Weapons
   266 | D:1      | Reached XP level 2. HP: 19/23 MP: 2/2
   683 | D:1      | 683 ||| UPGRADING to +0 ring mail.
   693 | D:1      | 693 ||| DROPPING +0 robe.
   694 | D:1      | 694 ||| READING scroll labelled YMMAALOSHYC.
   695 | D:1      | 695 ||| READING scroll labelled RERAOMYASUL.
   696 | D:1      | 696 ||| READING scroll labelled SUVURHO NAEHY.
   697 | D:1      | 697 ||| DROPPING scroll of poison.
   851 | D:2      | Noticed Robin
   860 | D:2      | Reached XP level 3. HP: 23/29 MP: 3/3
   864 | D:2      | Killed Robin
  1047 | D:2      | Found a stormy altar of Qazlal.
  1197 | D:2      | Noticed Natasha
  1198 | D:2      | Reached skill level 4 in Ranged Weapons
  1215 | D:2      | Killed Natasha
  1216 | D:2      | Reached XP level 4. HP: 18/36 MP: 4/4
  1245 | D:2      | Noticed Natasha
  1253 | D:2      | Killed Natasha
  1925 | D:2      | 1925 ||| READING 2 scrolls labelled LEKEOQ KOKYOJ.
  1926 | D:2      | 1926 ||| READING scroll labelled SOWUIGH RUAG.
  1927 | D:2      | 1927 ||| DROPPING scroll of blinking.
  2002 | D:3      | Found a glowing golden altar of the Shining One.
  2054 | D:3      | Found an opulent altar of Gozag.
  2199 | D:3      | Reached XP level 5. HP: 31/41 MP: 5/5
  2326 | D:3      | Reached skill level 5 in Ranged Weapons
  2463 | D:3      | 2463 ||| Stepping ~*~*~tactically~*~*~ (outnumbered).
  2471 | D:3      | 2471 ||| FLEEEEING.
  2472 | D:3      | 2472 ||| FLEEEEING.
  2473 | D:3      | 2473 ||| STAIRDANCE
  2549 | D:2      | 2549 ||| READING scroll labelled LUPYAB INKYO.
  2623 | D:2      | 2623 ||| READING scroll labelled DIOGRODIYN.
  2626 | D:2      | 2626 ||| READING scroll labelled QAMNOE JOXUPY.
  2627 | D:2      | 2627 ||| READING scroll labelled QECIOSKOAM.
  2715 | D:3      | Reached skill level 3 in Fighting
  2774 | D:3      | 2774 ||| SWAPPING to +0 orcbow.
  2776 | D:3      | 2776 ||| DROPPING +1 sling.
  2827 | D:3      | 2827 ||| FLEEEEING.
  2828 | D:3      | 2828 ||| FLEEEEING.
  2829 | D:3      | 2829 ||| FLEEEEING.
  2830 | D:3      | 2830 ||| FLEEEEING.
  2831 | D:3      | 2831 ||| FLEEEEING.
  2832 | D:3      | 2832 ||| FLEEEEING.
  2833 | D:3      | 2833 ||| FLEEEEING.
  2834 | D:3      | 2834 ||| FLEEEEING.
  2835 | D:3      | 2835 ||| FLEEEEING.
  2836 | D:3      | 2836 ||| FLEEEEING.
  2842 | D:3      | 2842 ||| FLEEEEING.
  2843 | D:3      | 2843 ||| FLEEEEING.
  2846 | D:3      | 2846 ||| STAIRDANCE
  2871 | D:2      | Noticed Natasha
  2874 | D:2      | Killed Natasha
  2889 | D:3      | Found a hide-covered altar of Uskayaw.
  3043 | D:3      | Found a broken altar of Ashenzari.
  3124 | D:4      | 3124 ||| Stepping ~*~*~tactically~*~*~ (outnumbered).
  3307 | D:4      | Reached skill level 6 in Ranged Weapons
  3307 | D:4      | Reached XP level 6. HP: 14/51 MP: 6/6
  3312 | D:4      | 3312 ||| FLEEEEING.
  3313 | D:4      | 3313 ||| FLEEEEING.
  3702 | D:4      | Found an ancient bone altar of Kikubaaqudgha.
  3945 | D:4      | Reached skill level 7 in Ranged Weapons
  4158 | D:4      | Reached XP level 7. HP: 59/59 MP: 7/7
  4192 | D:4      | 4192 ||| READING scroll labelled KUOFEPROFYA.
  4193 | D:4      | 4193 ||| READING scroll labelled UDEEWOKOIHI.
  4194 | D:4      | 4194 ||| READING 2 scrolls of identify.
  4194 | D:4      | 4194 ||| IDENTIFYING murky sapphire potion
  4195 | D:4      | 4195 ||| DROPPING potion of ambrosia.
  4208 | D:5      | Entered Level 5 of the Dungeon
  4225 | D:5      | HP: 14/59 [ogre/+0 giant spiked club (3)]
  4226 | D:5      | 4226 ||| READING scroll of teleportation.
  4226 | D:5      | Slain by an ogre

Levels and vault maps discovered:
D:1:      eino_arrival_cavern_d, layout_loops_cross, minmay_split_cup_large
D:2:      layout_basic, basic_altar, minmay_box_of_dots, uniq_natasha,
          uniq_robin
D:3:      layout_loops_ring, mainiacjoe_overflow_six_doors_small,
          lemuel_round_altar, nicolae_uskayaw_murder_on_the_dancefloor,
          mainiacjoe_overflow_surrounded_room, hex_medium, st_stairs_7,
          chequers_serial_rivers_micro_c
D:4:      minmay_wonky_spiral, layout_basic, kennysheep_little_box
D:5:      layout_basic, chequers_arboretum, minmay_shop_grid_forest,
          minivault_24, st_stairs_2

Skill      XL: |  1  2  3  4  5  6 |
---------------+-------------------+-----
Ranged Weapons | 3 4 6 7 |  7.4
Fighting       | 2 3 4 |  4.2
Armour         | 2 |  2.2
Dodging        | |  2.1
Spellcasting   | |  1.0
Hexes          | |  2.0

Action                     |  1- 3 |  4- 6 |  7- 9 || total
---------------------------+-------+-------+-------++-------
   Fire: Sling             |    93 |   105 |       ||   198
         Orcbow            |       |   102 |    17 ||   119
    Use: Scroll            |     3 |     6 |     4 ||    13
 Armour: Robe              |     1 |       |       ||     1
         Ring mail         |    17 |    39 |     2 ||    58
  Dodge: Dodged            |    41 |    82 |     6 ||   129

Table legend:
 A = Non-vault XP
 B = Vault XP
 C = Vault XP percentage of total XP
 D = Non-vault monster count
 E = Vault monster count
 F = Vault count percentage of total count
                 A         B        C        D         E       F
            +---------+---------+-------+---------+---------+-------
      Total |     644 |     199 |  23.6 |      69 |      24 |  25.8
            +---------+---------+-------+---------+---------+-------
        D:1 |      16 |       5 |  23.8 |       8 |       4 |  33.3
        D:2 |     112 |      78 |  41.1 |      18 |      15 |  45.5
        D:3 |      90 |       2 |   2.2 |      20 |       1 |   4.8
        D:4 |     321 |     114 |  26.2 |      22 |       4 |  15.4
        D:5 |     105 |       0 |   0.0 |       1 |       0 |   0.0
            +---------+---------+-------+---------+---------+-------
